 Dungeon Crawl Stone Soup version 0.28-a0-1624-g820543e53a (webtiles) character file.

Game seed: 9376203009712502432

676 bande the Chopper (level 7, -12/44 HPs)
             Began as a Gargoyle Fighter on Jan 24, 2022.
             Engulfed by a cloud of freezing vapour (22 damage)
             ... on level 5 of the Dungeon.
             The game lasted 00:09:46 (5754 turns).

bande the Chopper (Gargoyle Fighter)                Turns: 5754, Time: 00:09:46

Health: -12/44     AC: 14    Str: 32    XL:     7   Next: 59%
Magic:  7/7        EV:  8    Int:  8    God:
Gold:   230        SH:  5    Dex: 11    Spells: 6/6 levels left

rFire   . . .      SeeInvis .   l - +3 war axe (chaos)
rCold   . . .      Faith    .   c - +0 buckler
rNeg    + . .      Spirit   .   n - +0 chain mail
rPois   ∞          Reflect  .   (no helmet)
rElec   +          Harm     .   (no cloak)
rCorr   .          Rampage  .   (no gloves)
Will    .....                   (no boots)
Stlth   ..........              (no amulet)
HPRegen 0.14/turn               e - +6 ring of strength
MPRegen 0.10/turn               h - +6 ring of strength

@: no status effects
A: sickness immunity, AC +4, negative energy resistance 1, electricity
resistance, torment resistance 1, petrification resistance
a: no special abilities


You were on level 5 of the Dungeon.
You visited 1 branch of the dungeon, and saw 5 of its levels.

You collected 230 gold pieces.

Inventory:

Hand Weapons
 a - a +0 war axe
 l - a +3 war axe of chaos (weapon)
 o - a +0 morningstar
Armour
 c - a +0 buckler (worn)
 n - a +0 chain mail (worn)
Jewellery
 b - a +6 ring of strength
 e - a +6 ring of strength (left hand)
 f - a ring of positive energy
 h - a +6 ring of strength (right hand)
 s - an amulet of the acrobat
Scrolls
 j - 3 scrolls of teleportation
Potions
 d - a potion of might
 g - 2 potions of ambrosia
 i - 2 potions of flight
 k - 2 potions of curing
 m - 2 potions of resistance
 q - a potion of cancellation {unknown}


   Skills:
 + Level 4.7 Fighting
 + Level 5.4 Axes
 + Level 5.1 Armour
 + Level 0.5 Stealth
 + Level 4.5 Shields


You had 6 spell levels left.
You didn't know any spells.
Your spell library contained the following spells:

 Spells                   Type           Power      Damage    Failure   Level
 Animate Skeleton         Necr           0%         N/A       94%         1
 Pain                     Necr           0%         1d4       94%         1
 Vampiric Draining        Necr           0%         2d6       100%        3


Dungeon Overview and Level Annotations

Branches:
Dungeon (5/15)
 Temple: D:4-7

Altars:
Kikubaaqudgha
Wu Jian
Yredelemnul

Shops:
D:3 *

Annotations:
D:5 1 transporter


Innate Abilities, Weirdness & Mutations

You are immune to sickness and miasma.
Your stone body is resilient. (AC +4)
You are immune to poison.
You resist negative energy. (rN+)
You are resistant to electric shocks. (rElec)
You are resistant to unholy torment.
You are immune to petrification.


Message History

There is an open door here.
You open the door.
There is an open door here.
There is a transporter landing site here.
There is an open door here.
There is a transporter here.
You enter the transporter and appear at another place.
No target in view!
No target in view!
No target in view!
m - 2 potions of resistance (gained 1)
You open the gate.
There are monsters nearby!
There are monsters nearby!
There is an open gate here.
You are engulfed in freezing vapours.
You slash the ice beast!
You feel better.
The ice beast is heavily wounded.
You hit the ice beast but do no damage. You drain the ice beast.
You are engulfed in freezing vapours.
The ice beast hits you but does no damage. x2
You are too injured to fight recklessly!
You are too injured to fight recklessly!
You are too injured to fight recklessly!
You are too injured to fight recklessly!
You are too injured to fight recklessly!
You are too injured to fight recklessly!
You are too injured to fight recklessly!
Unknown command.
You hit the ice beast but do no damage.
The ice beast is poisoned.
The ice beast is heavily wounded.
You slash the ice beast!
You are engulfed in freezing vapours.
* * * LOW HITPOINT WARNING * * *
The ice beast hits you but does no damage. x4
Unknown command.
You slice the ice beast!!
You melt the ice beast.
You kill the ice beast!
You closely miss the ice beast.
You are engulfed in freezing vapours.
Ouch! That really hurt!
You die...

#####..######..###...###.._....
#..............................
#............©.................
#.)###..############.###..##.>.
#..###..#☼○○$©(○°°##.###..###'#
#.......#☼○°$)$☼○○##.......#...
#.......#°°☼...○°°##.......#...
#.......#°°°○☼○Y○○##.......#...
#.>...>.#○°○°°@☼°☼##.......#...
######..####°°○#####..###.#####
#####°°...○○###..########.
#○°#.#○☼#'............
#☼○...°○##............
#○°#©#○○##............
#°°○°.°☼###'####...##.
#°.°°°○○##..####...##.
#########...........#.


You could see an ice beast (drained).

Vanquished Creatures
  An ice beast (D:5)
  A hornet zombie (D:5)
  An ogre (D:4)
  A hound (D:4)
  A bullfrog skeleton (D:5)
  An orc priest (D:3)
  2 iguanas
  Terence (D:2)
  Natasha (twice) (D:4)
  6 orc wizards
  A hound skeleton (D:4)
  A hound zombie (D:5)
  A howler monkey skeleton (D:5)
  An adder (D:4)
  2 dart slugs
  16 orcs
  6 endoplasms
  4 giant cockroaches
  7 goblins
  4 hobgoblins
  10 jackals
  13 kobolds
  A quokka (D:1)
  6 ball pythons
  6 bats
  3 frilled lizards
  3 rats
102 creatures vanquished.

Notes
Turn   | Place    | Note
-------+----------+-------------------------------------------
     0 | D:1      | bande the Gargoyle Fighter began the quest for the Orb.
     0 | D:1      | Reached XP level 1. HP: 14/14 MP: 1/1
   345 | D:1      | Reached XP level 2. HP: 19/19 MP: 2/2
   732 | D:1      | Reached XP level 3. HP: 23/23 MP: 3/3
  1614 | D:2      | Found a faded altar of an unknown god.
  1960 | D:2      | Noticed Terence
  1969 | D:2      | Killed Terence
  1970 | D:2      | Reached XP level 4. HP: 15/29 MP: 4/4
  2624 | D:3      | Reached XP level 5. HP: 21/33 MP: 5/5
  3437 | D:3      | Found Tauleore's General Store.
  3497 | D:4      | Noticed an ogre
  3640 | D:4      | Killed an ogre
  3641 | D:4      | Reached XP level 6. HP: 39/39 MP: 6/6
  3857 | D:4      | Noticed Natasha
  3864 | D:4      | Killed Natasha
  4559 | D:5      | Entered Level 5 of the Dungeon
  4730 | D:4      | Noticed Natasha
  4738 | D:4      | Killed Natasha
  4789 | D:5      | Reached XP level 7. HP: 44/44 MP: 7/7
  4795 | D:5      | Reached skill level 5 in Armour
  4827 | D:5      | Reached skill level 5 in Axes
  5339 | D:5      | Found an ornate altar of the Wu Jian Council.
  5340 | D:5      | Found a basalt altar of Yredelemnul.
  5341 | D:5      | Found an ancient bone altar of Kikubaaqudgha.
  5355 | D:5      | Found a transporter.
  5482 | D:5      | Found a transporter.
  5754 | D:5      | Engulfed by a cloud of freezing vapour

Illustrated notes

Levels and vault maps discovered:
D:1:      wander_arrival_desolate, layout_loops_corners, minmay_split_cup_small
D:2:      layout_basic, hellmonk_ecumenical_altar_dog_temple, minivault_14,
          minmay_misc_feat_pillars, uniq_terence
D:3:      layout_loops_ring, serial_shops, shop_coins
D:4:      layout_loops_ring, uniq_natasha
D:5:      gammafunk_cloud_chamber, layout_gridville,
          chequers_temple_overflow_statue_of_worship,
          minmay_fractal_squares_diagonal_5

Skill      XL: |  1  2  3  4  5  6  7 |
---------------+----------------------+-----
Axes           | 2 3 4 5 |  5.4
Fighting       | 4 |  4.7
Armour         | 4 5 |  5.1
Shields        | 4 |  4.5
Stealth        | |  0.5

Action                   |  1- 3 |  4- 6 |  7- 9 || total
-------------------------+-------+-------+-------++-------
Melee: War axe           |    99 |   130 |    36 ||   265
  Use: Scroll            |     3 |     7 |     4 ||    14
       Potion            |       |     1 |       ||     1
Armor: Scale mail        |    60 |    62 |       ||   122
       Chain mail        |       |    59 |    29 ||    88
Dodge: Dodged            |    37 |    61 |     7 ||   105
Block: Buckler           |    18 |    34 |     5 ||    57

Table legend: (Time is in decaauts)
 A = Elapsed time spent in this place.
 B = Non-inter-level travel time spent in this place.
 C = Inter-level travel time spent in this place.
 D = Time resting spent in this place.
 E = Time spent auto-exploring this place.
 F = Levels seen in this place.
 G = Mean time per level.
                   A        B        C        D        E       F      G
               +--------+--------+--------+--------+--------+-----+--------+
         Total |   5860 |   5679 |    181 |   1733 |   3038 |   5 | 1172.0 |
       Dungeon |   5860 |   5679 |    181 |   1733 |   3038 |   5 | 1172.0 |
               +--------+--------+--------+--------+--------+-----+--------+

Top non-repeatable levels by time:
     D:1: 1502 daAuts
     D:3: 1396 daAuts
     D:4: 1172 daAuts
     D:5: 994 daAuts
     D:2: 794 daAuts
